 Dungeon Crawl Stone Soup version 0.28-a0-1616-g050a50673c (webtiles) character file.

Game seed: 12010257501725228618

2788 frimble the Slicer (level 9, -1/66 HPs)
             Began as a Demonspawn Warper on Jan 23, 2022.
             Was a Follower of Cheibriados.
             Slain by an ice beast (13 damage)
             ... on level 9 of the Dungeon.
             The game lasted 00:10:24 (8843 turns).

frimble the Slicer (Demonspawn Warper)              Turns: 8843, Time: 00:10:24

Health: -1/66      AC: 10    Str: 14 (17) XL:     9   Next: 43%
Magic:  12/12      EV: 11    Int: 18      God:    Cheibriados [*.....]
Gold:   687        SH:  5    Dex: 14      Spells: 10/12 levels left

rFire   . . .      SeeInvis .   h - +1 dagger (flame)
rCold   . . .      Faith    .   l - +0 buckler
rNeg    . . .      Spirit   .   m - +0 ring mail
rPois   .          Reflect  .   g - +1 helmet
rElec   .          Harm     .   n - +0 cloak
rCorr   .          Rampage  .   (no gloves)
Will    .....                   (no boots)
Stlth   +.........              (no amulet)
HPRegen 0.21/turn               (no ring)
MPRegen 0.13/turn               (no ring)

@: very slow
A: rugged brown scales 2, demonic touch 2
a: Renounce Religion, Bend Time


You were on level 9 of the Dungeon.
You worshipped Cheibriados.
Cheibriados was aware of your devotion.
You visited 1 branch of the dungeon, and saw 7 of its levels.

You collected 687 gold pieces.

Inventory:

Hand Weapons
 a - a +0 short sword
 h - a +1 dagger of flaming (weapon)
Missiles
 k - 5 boomerangs (quivered)
Armour
 g - a +1 helmet (worn)
 l - a +0 buckler (worn)
 m - a +0 ring mail (worn)
 n - a +0 cloak (worn)
Wands
 e - a wand of digging (7)
 p - a wand of polymorph (1)
Scrolls
 b - a scroll of summoning {unknown}
 f - 5 scrolls of identify
 j - 4 scrolls of fog
 r - 2 scrolls of immolation {unknown}
Potions
 o - a potion of heal wounds {unknown}
 q - a potion of curing {unknown}


   Skills:
 + Level 3.0 Fighting
 + Level 9.0 Short Blades
 - Level 0.9 Throwing
 - Level 3.0 Armour
 - Level 2.4 Dodging
 + Level 1.9 Stealth
 - Level 4.0 Shields
 - Level 2.0 Spellcasting
 - Level 5.0 Translocations
 + Level 2.5 Invocations
 + Level 1.8 Evocations


You had 10 spell levels left.
You knew the following spells:

 Your Spells              Type           Power      Damage    Failure   Level
a - Blink                 Tloc           38%        N/A       9%          2

Your spell library contained the following spells:

 Spells                   Type           Power      Damage    Failure   Level
 Gell's Gravitas          Tloc           19%        N/A       19%         3
 Lesser Beckoning         Tloc           19%        N/A       19%         3
 Teleport Other           Tloc           19%        N/A       19%         3
 Magic Dart               Conj           4%         1d3       43%         1
 Call Imp                 Summ           1%         N/A       56%         2
 Static Discharge         Conj/Air       1%         N/A       56%         2
 Mephitic Cloud           Conj/Pois/Air  1%         N/A       80%         3
 Manifold Assault         Tloc           19%        N/A       86%         5
 Lightning Bolt           Conj/Air       0%         1d11      100%        5
 Maxwell's Capacitive Co  Air            0%         ∞         100%        8


Dungeon Overview and Level Annotations

Branches:
Dungeon (6/15)
 Temple: D:4-7

Altars:
Cheibriados
Nemelex Xobeh
Vehumet

Shops:
D:2 :   D:4 *


Innate Abilities, Weirdness & Mutations

You are mostly covered in rugged brown scales. (AC +2, +5% HP)
Your touch may inflict irresistible damage on your foes.


Message History

You hit the ice beast.
You melt the ice beast.
The ice beast is moderately wounded.
You hit the ice beast but do no damage.
The ice beast is moderately wounded.
The ice beast barely misses you.
You hit the ice beast.
You melt the ice beast.
The ice beast is moderately wounded.
You hit the ice beast but do no damage.
The ice beast is moderately wounded.
The ice beast hits you but does no damage.
You hit the ice beast but do no damage.
The ice beast is moderately wounded.
You closely miss the ice beast.
The ice beast is moderately wounded.
The ice beast hits you but does no damage.
You hit the ice beast.
You melt the ice beast.
The ice beast is moderately wounded.
The ice beast hits you. The ice beast freezes you!
* * * LOW HITPOINT WARNING * * *
You hit the ice beast but do no damage.
The ice beast is moderately wounded.
You hit the ice beast but do no damage.
The ice beast is moderately wounded.
The ice beast barely misses you.
You hit the ice beast but do no damage.
The ice beast is moderately wounded.
The ice beast hits you but does no damage.
You hit the ice beast.
You melt the ice beast.
The ice beast is heavily wounded.
You hit the ice beast but do no damage.
The ice beast is heavily wounded.
You block the ice beast's attack.
You hit the ice beast.
You melt the ice beast.
The ice beast is heavily wounded.
You hit the ice beast but do no damage.
The ice beast is heavily wounded.
The ice beast hits you.
* * * LOW HITPOINT WARNING * * *
The ice beast freezes you!
You die...

.# . .# ..
.#
...#######.#
...........#
...........#
.......@...#
........Y..#
..#######..#
#........
#........
........)
.........
#.........
..........


You could see an ice beast.

Vanquished Creatures
  A manticore (D:9)
  An acid dragon (D:5)
  2 water moccasins
  Pargi (D:3)
  An ice beast (D:5)
  3 necrophages
  4 ogres
  A centaur (D:5)
  A phantom (D:5)
  A bullfrog (D:6)
  A wyvern zombie (D:5)
  A scorpion (D:5)
  A water moccasin zombie (D:5)
  A water moccasin skeleton (D:5)
  A wight (D:6)
  A howler monkey (D:4)
  A jelly (D:5)
  2 hounds (D:5)
  2 bullfrog skeletons
  An orc priest (D:4)
  6 iguanas
  Natasha (twice) (D:3)
  2 orc wizards (D:4)
  2 killer bee zombies (D:5)
  3 hound skeletons (D:4)
  Robin (D:2)
  A gnoll (D:1)
  A howler monkey skeleton (D:6)
  12 adders
  2 white imps
  A worm (D:3)
  4 dart slugs
  14 orcs
  5 bats
  6 endoplasms
  2 giant cockroaches
  21 goblins
  12 hobgoblins
  7 jackals
  4 kobolds
  4 quokkas
  7 ball pythons
  A frilled lizard (D:2)
  5 rats
153 creatures vanquished.

Vanquished Creatures (others)
  A fungus (D:2)
  12 plants (D:2)
13 creatures vanquished.

Grand Total: 166 creatures vanquished

Notes
Turn   | Place    | Note
-------+----------+-------------------------------------------
     0 | D:1      | frimble the Demonspawn Warper began the quest for the Orb.
     0 | D:1      | Reached XP level 1. HP: 16/16 MP: 3/3
    22 | D:1      | Reached skill level 1 in Armour
    61 | D:1      | Reached skill level 2 in Short Blades
   113 | D:1      | Gained mutation: Your touch may inflict minor irresistible
                  | damage on your foes. [demonic ancestry]
   113 | D:1      | Reached XP level 2. HP: 9/22 MP: 5/5
   685 | D:2      | Noticed Robin
   724 | D:2      | Gained mutation: You are partially covered in rugged brown
                  | scales. (AC +1, +3% HP) [demonic ancestry]
   724 | D:2      | Reached XP level 3. HP: 10/27 MP: 6/6
   750 | D:3      | Found a sparkling altar of Nemelex Xobeh.
   974 | D:2      | Killed Robin
   975 | D:2      | Reached skill level 3 in Short Blades
  1419 | D:2      | Reached XP level 4. HP: 33/33 MP: 7/7
  1564 | D:2      | Found Xuuhain's Book Shoppe.
  1666 | D:2      | Found a faded altar of an unknown god.
  2320 | D:3      | Reached skill level 4 in Short Blades
  2465 | D:3      | Learned a level 2 spell: Blink
  2520 | D:3      | Noticed Natasha
  2557 | D:3      | Killed Natasha
  2558 | D:3      | Reached XP level 5. HP: 23/39 MP: 8/8
  2717 | D:3      | Found a radiant altar of Vehumet.
  2778 | D:3      | Noticed Natasha
  2786 | D:3      | Killed Natasha
  2939 | D:3      | Noticed Pargi
  2950 | D:3      | Killed Pargi
  2951 | D:3      | Reached skill level 5 in Short Blades
  2951 | D:3      | Gained mutation: You are mostly covered in rugged brown
                  | scales. (AC +2, +5% HP) [demonic ancestry]
  2951 | D:3      | Reached XP level 6. HP: 30/46 MP: 9/9
  3889 | D:4      | Found Muamme's Elemental Accessories.
  4250 | D:4      | Reached XP level 7. HP: 49/52 MP: 10/10
  4843 | D:5      | Entered Level 5 of the Dungeon
  4858 | D:5      | Reached skill level 6 in Short Blades
  5066 | D:5      | Reached skill level 1 in Shields
  5190 | D:5      | Reached skill level 5 in Translocations
  5216 | D:5      | Gained mutation: Your touch may inflict irresistible damage
                  | on your foes. [demonic ancestry]
  5216 | D:5      | Reached XP level 8. HP: 35/58 MP: 11/11
  6070 | D:5      | Found a snail-covered altar of Cheibriados.
  6089 | D:5      | Reached skill level 7 in Short Blades
  6177 | D:5      | Became a worshipper of Cheibriados the Contemplative
  6875 | D:5      | Reached skill level 8 in Short Blades
  7611 | D:5      | Reached XP level 9. HP: 64/64 MP: 12/12
  8026 | D:6      | Reached * piety under Cheibriados
  8027 | D:6      | Reached skill level 1 in Invocations
  8041 | D:6      | HP: 3/64 [poisoned by a water moccasin]
  8048 | D:6      | Reached skill level 1 in Stealth
  8532 | D:6      | Reached skill level 1 in Evocations
  8813 | D:6      | You fall into a shaft and drop 3 floors!
  8813 | D:9      | Noticed a manticore
  8820 | D:9      | Killed a manticore
  8821 | D:9      | Reached skill level 9 in Short Blades
  8843 | D:9      | Slain by an ice beast

Illustrated notes

Levels and vault maps discovered:
D:1:      co_arrival_hall_of_pillars, layout_rooms
D:2:      layout_basic, serial_shops,
          nicolae_shop_temple_entry_statues_fountains,
          shapermc_ecumenical_altar_mp_ritualfount, guppyfry_early_orc_mine,
          uniq_robin
D:3:      layout_rooms, mainiacjoe_overflow_catch_the_wave, uniq_natasha,
          uniq_pargi
D:4:      layout_basic, nicolae_elemental_shop, kennysheep_generic_room_12
D:5:      minmay_polygon_palace, layout_loops_ring, kennysheep_slug_shrine
D:6:      layout_cave_pools, serial_bayou_lagoon_b, uniq_grinder
D:9:      layout_small_grid, mainiacjoe_overflow_tiny_flanked, lair_entry_dummy,
          serial_shops, kennysheep_mini_moat, lemuel_old_faithful

Skill      XL: |  1  2  3  4  5  6  7  8  9 |
---------------+----------------------------+-----
Armour         | 1 2 3 |  3.0
Short Blades   | 2 3 4 5 6 8 9 |  9.0
Dodging        | 2 |  2.4
Translocations | 3 4 5 |  5.0
Shields        | 2 4 |  4.0
Invocations    | 2 |  2.5
Stealth        | 1 |  1.9
Evocations     | 1 |  1.8
Fighting       | 3 |  3.0
Throwing       | |  0.9
Spellcasting   | |  2.0

Action                   |  1- 3 |  4- 6 |  7- 9 || total
-------------------------+-------+-------+-------++-------
Melee: Short sword       |   110 |   242 |       ||   352
       Touch             |    13 |    39 |    56 ||   108
       Punch             |     1 |     3 |     3 ||     7
       Dagger            |       |    19 |   511 ||   530
Throw: Boomerang         |     2 |     1 |     9 ||    12
 Cast: Blink             |       |       |     5 ||     5
Evoke: Wand              |       |       |    12 ||    12
  Use: Scroll            |       |     6 |     2 ||     8
       Potion            |       |     1 |     1 ||     2
 Stab: Paralysed         |       |       |     3 ||     3
Armor: Leather armour    |    25 |     7 |       ||    32
       Ring mail         |       |    71 |   139 ||   210
Dodge: Dodged            |    63 |   119 |   154 ||   336
Block: Buckler           |       |       |    27 ||    27

Table legend: (Time is in decaauts)
 A = Elapsed time spent in this place.
 B = Non-inter-level travel time spent in this place.
 C = Inter-level travel time spent in this place.
 D = Time resting spent in this place.
 E = Time spent auto-exploring this place.
 F = Levels seen in this place.
 G = Mean time per level.
                   A        B        C        D        E       F      G
               +--------+--------+--------+--------+--------+-----+--------+
         Total |   8774 |   8415 |    359 |   1216 |   5848 |   7 | 1253.4 |
       Dungeon |   8774 |   8415 |    359 |   1216 |   5848 |   7 | 1253.4 |
               +--------+--------+--------+--------+--------+-----+--------+

Top non-repeatable levels by time:
     D:5: 3460 daAuts
     D:4: 1658 daAuts
     D:2: 1305 daAuts
     D:3: 1052 daAuts
     D:1: 901 daAuts
     D:6: 371 daAuts
     D:9: 23 daAuts
